Map: Apotheosis LE

Players

Nerchio

  • Race: Zerg Zerg
  • League: Master

SortOf - Winner!

  • Race: Zerg Zerg
  • League: Master

Event: DreamHack ZOWIE Open Valencia 2016

VOD

Have the link to the VOD?

Description

Time

  • Played on: July 16, 2016, 10:16 a.m.
  • Length: 4:14

All games in this series

Show
View Real Time Build Order
Export as new Build Order

Nerchio Zerg 

Build Orders: Hatch First 

Get SALT Encoding   

  12  0:00  Drone  
  13  0:12  Overlord  
  13  0:17  Drone  
  14  0:30  Drone x2  
  14  0:34  Drone  
  17  0:53  Hatchery  
  17  0:56  Drone  
  17  1:11  Spawning Pool  
  17  1:13  Drone  
  17  1:16  Drone  
  18  1:19  Extractor  
  18  1:21  Drone  
  18  1:28  Drone  
  19  1:38  Overlord  
  19  1:58  Zergling x2, Queen  
  19  2:00  Zergling x2  
  23  2:05  Queen  
  23  2:06  Drone  
  26  2:18  Metabolic Boost  
  26  2:23  Drone x2  
  26  2:27  Drone  
  29  2:30  Drone  
  29  2:32  Drone  
  31  2:37  Drone  
  32  2:47  Hatchery  
  32  2:48  Drone  
  32  2:51  Drone  
  32  2:55  Overlord  
  33  2:59  Drone  
  33  3:05  Baneling Nest  
  33  3:07  Drone  
  33  3:09  Drone  
  33  3:11  Drone  
  36  3:14  Zergling x2  
  36  3:15  Zergling x2  
  36  3:17  Zergling x2  
  36  3:19  Zergling x2  
  40  3:22  Zergling x2  
  40  3:24  Zergling x2  
  41  3:34  Zergling x2  
  41  3:35  Baneling Nest  
  41  3:38  Zergling x2  
  40  3:44  Zergling x6  
  40  3:47  Zergling x2  
  37  3:50  Zergling x2  
Show
View Real Time Build Order
Export as new Build Order

SortOf Zerg - Winner!

Build Orders: Pool First 

Get SALT Encoding   

  12  0:00  Drone  
  13  0:12  Overlord  
  13  0:17  Drone  
  14  0:30  Drone  
  14  0:31  Drone  
  14  0:34  Drone  
  17  0:44  Extractor  
  17  0:45  Drone  
  17  0:50  Spawning Pool  
  17  0:56  Drone  
  17  1:07  Drone  
  18  1:19  Hatchery  
  18  1:22  Drone  
  18  1:37  Queen  
  20  1:40  Zergling x2  
  20  1:44  Zergling x2  
  20  1:47  Metabolic Boost  
  22  1:56  Overlord  
  22  2:08  Zergling x2, Baneling Nest  
  22  2:16  Zergling x2  
  22  2:20  Queen  
  25  2:29  Zergling x2  
  26  2:38  Zergling x4  
  28  2:47  Zergling x6  
  31  2:52  Baneling x3  
  31  2:53  Baneling  
  31  2:55  Zergling x2  
  32  3:02  Zergling x4  
  34  3:08  Zergling x4  
  34  3:11  Baneling  
  36  3:15  Overlord  
  36  3:29  Baneling x2  
  36  3:31  Overlord  
  36  3:37  Zergling x10  
  39  3:46  Zergling x2  
  39  3:47  Zergling x4  
  39  3:51  Zergling x2  
  39  3:52  Zergling x2  
  39  3:54  Zergling x2  
  41  3:56  Zergling x2  

Tags
 
Add a new tag
Caveats
  • Supply blocks, unpowered buildings, or Contaminate may cause inaccurate times.
  • Supply counts are checked every 10 seconds.